Map: 디스코 블러드배스 - 래더

Players

LiquidTaeJa (TaeJa)

  • Race: Terran Terran
  • League: Master
  • Spawn Location: 3:00

llllllllllll (Trap) - Winner!

  • Race: Protoss Protoss
  • League: Master
  • Spawn Location: 9:00

Event: HomeStory Cup XX

VOD

Have the link to the VOD?

Description

Time

  • Played on: Nov. 21, 2019, 9:42 a.m.
  • Length: 12:53

All games in this series

Show
View Real Time Build Order
Export as new Build Order

LiquidTaeJa Terran 

Build Orders:  

Get SALT Encoding   

  12  0:00  SCV  
  13  0:12  SCV  
  14  0:17  Supply Depot  
  14  0:24  SCV  
  15  0:38  SCV  
  15  0:40  Barracks  
  16  0:42  Refinery  
  16  0:50  SCV  
  17  1:02  SCV  
  18  1:14  SCV  
  19  1:27  Marine, Orbital Command  
  20  1:40  Command Center  
  20  1:45  Marine  
  21  1:52  SCV  
  22  1:59  Factory  
  22  2:03  Barracks Reactor  
  22  2:08  Supply Depot  
  22  2:11  SCV  
  23  2:30  SCV  
  24  2:40  Marine x2  
  24  2:42  SCV  
  24  2:43  Hellion, Starport  
  29  2:54  Orbital Command, SCV  
  29  2:58  Marine x2  
  32  3:06  Hellion, SCV  
  35  3:13  Supply Depot  
  35  3:15  Marine  
  35  3:16  Marine  
  35  3:18  SCV  
  39  3:20  Medivac, SCV  
  41  3:27  Hellion  
  41  3:31  SCV  
  41  3:32  SCV  
  41  3:33  Marine  
  46  3:34  Marine  
  46  3:37  Refinery  
  46  3:39  Refinery  
  47  3:49  SCV x2  
  47  3:50  Factory Tech Lab  
  47  3:51  Marine  
  47  3:52  Marine  
  51  4:01  SCV x2  
  51  4:02  Supply Depot  
  53  4:13  SCV  
  54  4:20  SCV  
  54  4:23  Barracks, Cyclone  
  54  4:24  Barracks  
  57  4:25  SCV  
  57  4:26  Engineering Bay  
  57  4:27  Marine x2  
  60  4:32  SCV  
  60  4:37  SCV  
  62  4:52  Supply Depot  
  62  4:53  Terran Infantry Weapons Level 1  
  62  4:55  Viking  
  62  5:00  SCV x2  
  62  5:05  Factory Reactor  
  62  5:06  Supply Depot  
  62  5:13  Command Center  
  62  5:14  Marine x2, SCV x2  
  66  5:24  Barracks Tech Lab  
  66  5:26  SCV x2  
  68  5:35  Marine x3, Stimpack  
  69  5:36  Starport Reactor  
  69  5:38  Supply Depot, SCV x2  
  71  5:44  Combat Shield  
  71  5:45  Marine  
  71  5:46  Widow Mine  
  71  5:47  Widow Mine  
  76  5:50  Missile Turret, SCV x2  
  76  5:53  Supply Depot  
  76  5:54  Refinery  
  78  5:59  Marine  
  78  6:02  SCV x2  
  81  6:07  Marine x3  
  81  6:09  Widow Mine  
  84  6:12  Barracks  
  84  6:14  Barracks  
  84  6:17  Marine, Medivac x2, Widow Mine  
  84  6:18  SCV  
  92  6:19  SCV  
  92  6:24  Orbital Command  
  93  6:27  Marine x2  
  95  6:33  Widow Mine  
  95  6:34  SCV x2  
  99  6:41  Widow Mine, Engineering Bay, Armory  
  99  6:44  Marauder  
  99  6:46  Marauder  
  105  6:47  SCV  
  105  6:48  SCV  
  105  6:50  Medivac  
  105  6:53  Orbital Command  
  109  6:58  Medivac, Supply Depot  
  109  7:00  Supply Depot  
  111  7:01  Supply Depot  
  111  7:04  SCV x2  
  111  7:05  Widow Mine  
  111  7:08  Barracks Tech Lab, Barracks Reactor  
  115  7:11  Marauder  
  117  7:19  Missile Turret  
  117  7:20  SCV x2, Terran Infantry Armor Level 1  
  117  7:22  SCV  
  120  7:29  Ghost Academy  
  120  7:32  SCV x2  
  120  7:33  Marine x2  
  120  7:34  SCV  
  124  7:41  Marauder x2  
  125  8:01  Marine x2  
  125  8:02  Marine, Marauder x2  
  119  8:05  Widow Mine x2  
  119  8:06  Medivac x2  
  119  8:08  Terran Infantry Weapons Level 2  
  119  8:11  SCV x2  
  115  8:13  Marine, Marauder  
  115  8:15  Enhanced Shockwaves  
  115  8:19  Marine  
  114  8:23  Marauder  
  114  8:26  Marine x2, Marauder  
  105  8:27  Widow Mine x2  
  105  8:29  SCV x2  
  106  8:34  Marauder  
  106  8:35  Marine  
  106  8:36  Medivac  
  106  8:37  Marine  
  99  8:44  Marine x2  
  99  8:45  Marauder  
  99  8:47  Marauder, Medivac  
  96  8:52  Widow Mine x2  
  96  8:53  Marine  
  96  8:55  Marine  
  102  8:56  Marauder  
  102  9:01  Marine, SCV x3  
  102  9:02  Marine  
  109  9:04  Refinery  
  109  9:05  Refinery, Medivac, Command Center  
  109  9:06  Marauder  
  109  9:09  Ghost  
  115  9:11  Marine  
  115  9:13  Marine, SCV x3  
  120  9:18  Marine  
  120  9:19  Marine x2  
  120  9:20  Terran Infantry Armor Level 2  
  123  9:25  SCV x3  
  123  9:27  Marine  
  127  9:38  Marine x2, Ghost x2  
  123  9:39  Marine x2  
  127  9:46  Starport  
  127  9:48  Missile Turret  
  127  9:49  Supply Depot  
  127  9:50  Missile Turret  
  127  9:51  Ghost  
  129  9:55  SCV x3  
  129  9:57  Supply Depot  
  129  9:59  Marine x3  
  134  10:00  Marine, Supply Depot  
  135  10:07  SCV x3  
  135  10:08  Marauder  
  135  10:10  Marauder  
  138  10:17  Marine x4  
  138  10:19  SCV x3  
  142  10:21  Viking x2  
  145  10:31  SCV x3  
  145  10:33  Viking x2  
  142  10:42  Marine  
  142  10:43  Marine, Marauder x2, SCV x3  
  142  10:49  Planetary Fortress  
  147  10:51  Viking  
  147  10:52  Command Center  
  147  10:55  Medivac, SCV x2  
  147  10:56  SCV  
  154  10:59  Marine x2, Marauder  
  154  11:03  Refinery, Medivac  
  154  11:04  Refinery, Supply Depot  
  160  11:07  Viking  
  160  11:08  Marine  
  160  11:09  Marauder  
  165  11:12  Marauder  
  167  11:20  Marine x2  
  167  11:21  Marauder, Marine  
  172  11:26  Marine  
  172  11:30  Marauder  
  168  11:33  Marine  
  168  11:37  Marine  
  168  11:38  Marine  
  168  11:39  Marine  
  168  11:42  Marauder  
  168  11:43  Viking x2  
  168  11:44  Marine  
  169  11:51  Marauder  
  169  11:52  Marauder  
  144  11:55  Marine x2  
  144  11:57  Marine  
  121  12:01  Marine  
  121  12:02  Viking x2  
  121  12:03  Marauder  
  114  12:13  Marauder x2, Viking x2, Marine x2  
  114  12:14  Command Center  
  114  12:15  Marine  
  121  12:19  Marine  
  122  12:25  Marauder  
  124  12:30  Command Center  
  124  12:31  Marine x2  
  124  12:34  Marine, Sensor Tower  
Show
View Real Time Build Order
Export as new Build Order

llllllllllll Protoss - Winner!

Build Orders: 1 Gate Expand, Oracle Opening, Zealot Archon 

Get SALT Encoding   

  12  0:00  Probe  
  13  0:12  Probe  
  14  0:17  Pylon  
  14  0:24  Probe  
  15  0:32  Probe  
  15  0:36  Gateway  
  15  0:40  Probe  
  16  0:45  Assimilator  
  17  0:51  Probe  
  18  1:03  Probe  
  19  1:15  Probe  
  20  1:22  Nexus  
  20  1:32  Cybernetics Core  
  20  1:35  Probe  
  21  1:42  Assimilator  
  22  1:47  Probe  
  22  1:50  Pylon  
  22  1:58  Adept  
  22  1:59  Probe  
  25  2:10  Warp Gate  
  25  2:11  Probe  
  26  2:23  Probe  
  26  2:25  Stargate  
  27  2:32  Probe x2  
  27  2:33  Stalker  
  31  2:40  Probe x2  
  33  2:49  Probe x2  
  35  3:00  Oracle  
  35  3:01  Probe x2  
  35  3:05  Stalker  
  38  3:10  Pylon  
  41  3:14  Probe x2  
  43  3:26  Probe x2  
  45  3:28  Oracle  
  45  3:30  Gateway  
  45  3:31  Gateway  
  45  3:40  Probe  
  45  3:41  Probe  
  50  3:51  Pylon  
  50  3:53  Probe x2  
  52  4:02  Stalker  
  54  4:04  Pylon, Phoenix  
  54  4:09  Probe x2  
  57  4:21  Probe x2, Gateway  
  57  4:24  Phoenix  
  59  4:31  Assimilator  
  59  4:35  Assimilator  
  59  4:43  Probe  
  59  4:44  Probe  
  61  4:47  Nexus  
  61  4:51  Phoenix  
  63  4:55  Probe  
  63  4:56  Probe  
  65  5:00  Pylon  
  65  5:06  Forge  
  65  5:09  Twilight Council  
  65  5:11  Probe x2  
  67  5:15  Stalker  
  67  5:19  Stalker x2  
  73  5:25  Protoss Ground Armor Level 1, Probe x2  
  75  5:31  Charge  
  75  5:41  Gateway  
  75  5:43  Gateway  
  75  5:44  Gateway  
  75  5:46  Gateway  
  75  5:47  Gateway  
  75  5:56  Templar Archives  
  75  5:57  Pylon  
  75  6:03  Stalker, Probe x3  
  78  6:09  Sentry, Zealot  
  81  6:15  Probe x3  
  81  6:17  Pylon  
  84  6:27  Probe x2  
  84  6:28  Psionic Storm, Probe  
  87  6:39  Probe  
  89  6:40  Probe x2  
  89  6:44  Assimilator  
  89  6:45  Assimilator  
  90  6:48  Pylon  
  90  6:51  Probe  
  90  6:52  Probe x2  
  90  6:53  High Templar x2  
  97  6:56  Nexus  
  97  6:58  Photon Cannon  
  97  7:03  Zealot x3  
  97  7:08  High Templar, Probe  
  105  7:09  Probe x2  
  105  7:11  Archon  
  105  7:15  Pylon, Zealot x2  
  108  7:19  Protoss Ground Weapons Level 1  
  108  7:22  Pylon  
  112  7:27  High Templar  
  114  7:31  Zealot  
  114  7:37  High Templar  
  114  7:38  Zealot x4  
  114  7:40  Zealot  
  126  7:46  Robotics Facility  
  126  7:47  Probe x3  
  114  7:58  Zealot  
  114  7:59  Zealot x2  
  114  8:00  Zealot  
  112  8:06  Probe x3  
  112  8:07  Zealot  
  112  8:08  Zealot x2  
  115  8:15  Probe  
  115  8:18  Probe x3  
  119  8:22  Zealot x2  
  119  8:23  Zealot x3  
  124  8:27  Probe  
  123  8:38  Probe x3  
  123  8:39  Probe  
  123  8:41  Warp Prism  
  116  8:46  Archon  
  116  8:47  Blink, High Templar x3  
  116  8:48  Zealot x5  
  128  8:55  Robotics Facility  
  130  9:00  Robotics Bay  
  130  9:01  Photon Cannon  
  130  9:04  Assimilator  
  130  9:08  Assimilator  
  130  9:11  Pylon, Sentry x2, Zealot x3  
  130  9:16  Pylon  
  140  9:18  Pylon  
  140  9:19  Observer  
  140  9:20  Pylon  
  140  9:22  Shield Battery  
  139  9:33  Colossus  
  139  9:34  Colossus  
  139  9:38  Archon, High Templar x4  
  137  9:39  Zealot x4  
  151  9:50  Photon Cannon  
  163  9:53  Pylon  
  163  9:55  Pylon  
  163  9:56  Pylon  
  163  9:57  Extended Thermal Lance  
  163  10:00  Forge, Protoss Ground Armor Level 2  
  163  10:08  Zealot x4  
  163  10:12  Zealot x3  
  163  10:13  Colossus x2  
  173  10:20  Stalker  
  167  10:49  High Templar  
  161  10:50  High Templar, Zealot x6  
  161  10:51  Colossus  
  161  10:56  Warp Prism  
  175  10:57  Photon Cannon  
  175  11:02  Gateway  
  175  11:03  Gateway  
  175  11:06  Gateway  
  183  11:20  Stalker x2  
  183  11:21  Stalker x3, High Templar  
  183  11:22  High Templar  
  193  11:33  Observer  
  192  11:43  Stalker x4  
  192  11:44  Stalker x2  
  156  12:01  Archon x2  
  137  12:04  Stalker x2  
  137  12:05  Stalker x2  
  143  12:12  High Templar x2, Zealot x5  
  157  12:22  Archon  
  151  12:31  Stalker x3  
  151  12:32  Stalker x3  
  151  12:33  Stalker  
  151  12:36  Stalker  
  167  12:38  Stalker  
Tags
 
Add a new tag
Caveats
  • Supply blocks, unpowered buildings, or Contaminate may cause inaccurate times.
  • Supply counts are checked every 10 seconds.